Map: Prion Terraces

Players

Florencio - Winner!

  • Race: Protoss Protoss
  • League: Diamond

Andre

  • Race: Protoss Protoss
  • League: Diamond

VOD

Have the link to the VOD?

Description

Time

  • Played on: March 13, 2016, 8:12 p.m.
  • Length: 14:27
Show
View Real Time Build Order
Export as new Build Order

Florencio Protoss - Winner!

Build Orders: Cannon Rush 

Get SALT Encoding   

  12  0:01  Probe (Chrono Boost)  
  13  0:20  Probe (Chrono Boost)  
  14  0:22  Pylon  
  14  0:30  Probe (Chrono Boost)  
  15  0:41  Probe (Chrono Boost)  
  16  0:49  Forge  
  16  0:56  Assimilator  
  16  1:09  Pylon  
  16  1:28  Photon Cannon  
  16  1:29  Photon Cannon  
  16  1:30  Photon Cannon  
  15  1:53  Probe (Chrono Boost)  
  16  1:59  Photon Cannon  
  16  2:02  Nexus  
  16  2:05  Gateway, Probe (Chrono Boost)  
  17  2:16  Probe (Chrono Boost)  
  17  2:17  Assimilator  
  18  2:26  Probe (Chrono Boost)  
  19  2:35  Assimilator  
  20  2:37  Probe (Chrono Boost)  
  20  2:47  Probe (Chrono Boost), Pylon  
  21  2:52  Cybernetics Core  
  21  2:58  Probe (Chrono Boost)  
  22  3:00  Pylon  
  22  3:18  Photon Cannon  
  22  3:25  Photon Cannon  
  22  3:31  Photon Cannon  
  22  3:37  Photon Cannon  
  22  3:41  Probe (Chrono Boost)  
  22  3:43  Probe (Chrono Boost)  
  24  3:58  Probe (Chrono Boost)  
  25  4:05  Photon Cannon  
  25  4:07  Photon Cannon  
  25  4:08  Probe (Chrono Boost)  
  26  4:10  Probe (Chrono Boost)  
  26  4:11  Pylon  
  27  4:19  Probe (Chrono Boost)  
  28  4:29  Probe (Chrono Boost)  
  29  4:32  Stargate  
  29  4:35  Stargate  
  29  4:40  Mothership Core (Chrono Boost)  
  31  4:49  Probe (Chrono Boost)  
  32  4:53  Pylon  
  32  4:54  Pylon  
  32  4:58  Photon Cannon  
  32  5:00  Probe (Chrono Boost)  
  34  5:07  Probe (Chrono Boost), Pylon  
  34  5:11  Probe (Chrono Boost)  
  35  5:19  Void Ray (Chrono Boost)  
  42  5:44  Void Ray (Chrono Boost), Probe  
  42  5:47  Assimilator  
  43  5:50  Assimilator  
  43  5:52  Photon Cannon  
  43  5:57  Pylon  
  43  6:00  Pylon  
  43  6:01  Void Ray (Chrono Boost)  
  47  6:08  Probe  
  48  6:20  Probe  
  48  6:23  Void Ray (Chrono Boost)  
  53  6:28  Pylon  
  53  6:32  Probe  
  54  6:44  Probe  
  54  6:46  Void Ray (Chrono Boost)  
  59  6:56  Probe  
  59  7:00  Void Ray (Chrono Boost)  
  65  7:08  Probe  
  65  7:10  Photon Cannon  
  65  7:11  Probe, Pylon  
  65  7:14  Pylon  
  66  7:15  Stargate  
  66  7:20  Probe  
  67  7:23  Void Ray (Chrono Boost)  
  67  7:53  Void Ray (Chrono Boost)  
  71  8:01  Void Ray (Chrono Boost)  
  79  8:06  Void Ray (Chrono Boost)  
  65  8:49  Void Ray x2 (Chrono Boost)  
  73  8:55  Void Ray (Chrono Boost)  
  71  9:02  Mothership Core  
  71  9:27  Void Ray x2 (Chrono Boost)  
  79  9:34  Nexus  
  79  9:41  Pylon  
  79  9:42  Pylon  
  71  10:04  Void Ray (Chrono Boost)  
  71  10:06  Photon Cannon  
  79  10:07  Void Ray (Chrono Boost)  
  79  10:08  Photon Cannon  
  79  10:10  Photon Cannon  
  79  10:11  Photon Cannon  
  79  10:13  Photon Cannon  
  79  10:17  Void Ray (Chrono Boost)  
  87  10:50  Void Ray (Chrono Boost)  
  87  10:53  Void Ray (Chrono Boost)  
  87  10:54  Void Ray (Chrono Boost)  
  95  11:00  Assimilator  
  95  11:03  Assimilator  
  95  11:09  Probe  
  96  11:20  Probe  
  97  11:30  Probe  
  102  11:33  Void Ray (Chrono Boost)  
  109  11:54  Void Ray x2 (Chrono Boost)  
  109  12:28  Pylon  
  109  12:30  Pylon  
  109  12:32  Pylon  
  109  12:41  Void Ray  
  109  12:46  Void Ray  
  117  12:55  Nexus  
  117  12:56  Pylon  
  117  13:12  Void Ray, Pylon  
  121  13:17  Pylon  
  121  13:18  Void Ray  
  121  13:19  Pylon  
  121  13:21  Pylon  
  125  13:29  Void Ray  
Show
View Real Time Build Order
Export as new Build Order

Andre Protoss 

Build Orders:  

Get SALT Encoding   

  12  0:01  Probe (Chrono Boost)  
  13  0:12  Probe (Chrono Boost)  
  14  0:20  Pylon  
  14  0:22  Probe (Chrono Boost)  
  15  0:39  Probe (Chrono Boost), Gateway  
  16  0:49  Probe (Chrono Boost)  
  17  0:56  Assimilator  
  17  1:00  Probe (Chrono Boost)  
  17  1:03  Pylon  
  18  1:22  Probe (Chrono Boost)  
  19  1:36  Zealot (Chrono Boost)  
  20  2:04  Probe  
  21  2:16  Probe  
  21  2:19  Nexus  
  22  2:23  Cybernetics Core  
  22  2:28  Probe  
  23  2:33  Pylon  
  23  2:40  Probe  
  24  2:53  Probe  
  25  3:00  Warp Gate (Chrono Boost)  
  25  3:02  Stalker  
  25  3:05  Probe  
  28  3:13  Assimilator  
  28  3:17  Probe  
  29  3:20  Twilight Council  
  29  3:29  Probe  
  30  3:41  Probe  
  31  3:46  Mothership Core  
  31  4:05  Nexus  
  31  4:12  Probe  
  31  4:14  Blink (Chrono Boost)  
  33  4:26  Stalker  
  35  4:36  Probe  
  35  4:37  Pylon  
  35  4:49  Probe  
  36  4:56  Gateway  
  36  4:57  Gateway  
  36  4:58  Gateway  
  36  5:01  Probe  
  37  5:14  Probe  
  38  5:26  Probe  
  39  5:29  Pylon  
  39  5:36  Robotics Facility  
  39  5:38  Probe  
  39  5:40  Assimilator  
  40  5:46  Pylon  
  40  5:50  Probe  
  41  6:02  Probe  
  41  6:03  Stalker x2  
  41  6:04  Stalker  
  48  6:13  Probe  
  48  6:14  Probe  
  50  6:19  Assimilator  
  50  6:24  Observer  
  51  6:26  Probe  
  51  6:27  Stalker x3  
  58  6:38  Probe  
  59  6:44  Stalker  
  59  6:46  Warp Prism  
  61  6:49  Probe  
  61  6:51  Probe  
  63  6:59  Pylon  
  63  7:01  Pylon  
  63  7:10  Stalker x2  
  63  7:11  Stalker  
  69  7:15  Pylon  
  69  7:22  Gateway  
  69  7:24  Gateway  
  69  7:25  Gateway  
  57  7:49  Stalker x4  
  61  8:10  Forge  
  61  8:23  Stalker x4  
  57  8:47  Stalker x7  
  59  9:01  Probe  
  59  9:02  Probe  
  59  9:11  Stalker x6  
  59  9:12  Stalker  
  73  9:29  Nexus  
  63  9:50  Templar Archives  
  63  9:58  Pylon  
  61  10:00  Stalker x3, Pylon  
  61  10:01  Stalker  
  69  10:21  Pylon  
  69  10:23  Pylon  
  69  10:24  Stalker x2  
  69  10:25  Stalker  
  75  10:35  Templar Archives  
  74  10:52  Probe x2  
  74  10:56  Pylon  
  76  11:00  Stalker  
  76  11:01  Stalker x5  
  76  11:04  Probe  
  88  11:10  Assimilator  
  89  11:12  Assimilator  
  89  11:15  Psionic Storm  
  85  11:43  Stalker  
  85  11:44  Stalker x4  
  75  12:12  High Templar x2  
  75  12:13  High Templar x2  
  83  12:25  Archon x2  
  83  12:35  Stalker x2  
  87  12:40  Pylon  
  87  12:42  Pylon  
  87  13:23  Nexus  
Tags
 
Add a new tag
Caveats
  • Supply blocks, unpowered buildings, or Contaminate may cause inaccurate times.
  • Supply counts are checked every 10 seconds.